[Event "Titled Tuesday Blitz February 15 Early 2022"]
[White "Ankerst, Mihael"]
[Black "Musovic, Armin"]
[WhiteFideId "14602369"]
[BlackFideId "939935"]
[WhiteElo "2281"]
[BlackElo "2250"]
[Result "0-1"]
[Round "05"]
[TimeControl "180+1"]
[Date "2022.02.15"]
[WhiteClock "0:00:18"]
[BlackClock "0:01:30"]

1. e4 c6 2. d4 d5 3. Nc3 dxe4 4. Nxe4 Nf6 5. Nxf6+ exf6 6. Ne2 Bd6 7. Ng3 O-O 8. Be2 Re8 9. O-O Nd7 10. c4 Nf8 11. b3 Be6 12. Bb2 Rc8 13. Qc2 Bb8 14. Rad1 Qc7 15. Rfe1 Ng6 16. Qc3 Nf4 17. Bf3 h5 18. Re3 h4 19. Nf1 Bd7 20. Rde1 Rxe3 21. fxe3 Ne6 22. h3 Ng5 23. Bd1 Ne4 24. Qd3 Bf5 25. Qe2 Ng3 26. Qf3 Be4 27. Qg4 Nxf1 28. Kxf1 f5 29. Qxh4 Qh2 30. Qf2 Bg3 31. Qd2 Qh1+ 32. Ke2 Qxg2# 0-1


[Site "https://www.chess.com"]

[Event "Titled Tuesday Blitz February 15 Early 2022"]
[White "Annaberdiyev, Babageldi"]
[Black "Navara, David"]
[WhiteFideId "14000385"]
[BlackFideId "309095"]
[WhiteElo "2332"]
[BlackElo "2686"]
[Result "0-1"]
[Round "05"]
[TimeControl "180+1"]
[Date "2022.02.15"]
[WhiteClock "0:01:17"]
[BlackClock "0:00:03"]

1. e4 c6 2. d4 d5 3. Nd2 dxe4 4. Nxe4 Bf5 5. Ng3 Bg6 6. h4 h6 7. Nf3 Nd7 8. h5 Bh7 9. Bc4 e6 10. Qe2 Bd6 11. c3 Ngf6 12. Ne5 Nd5 13. O-O O-O 14. f4 N7b6 15. Bd3 Bxd3 16. Nxd3 Re8 17. a4 f5 18. a5 Nd7 19. Ne5 Qh4 20. Nxd7 Qxg3 21. Ne5 c5 22. a6 cxd4 23. axb7 Rab8 24. Ra6 Bc5 25. Qb5 Bb6 26. Rxb6 axb6 27. Qd7 dxc3 28. Qf7+ Kh8 29. Nc6 Rf8 30. Nxb8 Rxf7 31. Nd7 Rxd7 32. b8=Q+ Kh7 33. Qc8 Nf6 34. bxc3 Ng4 35. Qxd7 Qh2# 0-1


[Site "https://www.chess.com"]

[Event "Titled Tuesday Blitz February 15 Early 2022"]
[White "Ardila, Oscar Humberto"]
[Black "Sarkar, Justin"]
[WhiteFideId "4404742"]
[BlackFideId "2010011"]
[WhiteElo "1898"]
[BlackElo "2038"]
[Result "0-1"]
[Round "05"]
[TimeControl "180+1"]
[Date "2022.02.15"]
[WhiteClock "0:00:01"]
[BlackClock "0:00:08"]

1. d4 Nf6 2. c4 g6 3. Nc3 d5 4. cxd5 Nxd5 5. e4 Nxc3 6. bxc3 Bg7 7. Bc4 O-O 8. Ne2 Nc6 9. O-O b6 10. Be3 Bb7 11. Qd2 e5 12. Rfd1 Na5 13. Bd3 exd4 14. cxd4 c5 15. d5 Bxa1 16. Rxa1 f5 17. Bh6 fxe4 18. Bxe4 Qf6 19. Rf1 Rfe8 20. Bf3 Nc4 21. Qc1 Ne5 22. Be4 Ng4 23. Ng3 Qh4 24. h3 Nxh6 25. Qc3 Rxe4 26. Nxe4 Qxe4 27. Re1 Qxd5 28. f3 Nf5 29. Kh1 Rd8 30. Qf6 Rf8 31. Qg5 Nd4 32. Qe7 Rf7 33. Qe8+ Kg7 34. a4 Nxf3 35. Re2 Qd1+ 0-1


[Site "https://www.chess.com"]

[Event "Titled Tuesday Blitz February 15 Early 2022"]
[White "Balaji, Aaravamudhan"]
[Black "Demchenko, Anton"]
[WhiteFideId "436224"]
[BlackFideId "4160258"]
[WhiteElo "2602"]
[BlackElo "2884"]
[Result "1-0"]
[Round "05"]
[TimeControl "180+1"]
[Date "2022.02.15"]
[WhiteClock "0:00:03"]
[BlackClock "0:00:02"]

1. Nf3 Nf6 2. g3 b5 3. Bg2 Bb7 4. O-O e6 5. Nh4 Bxg2 6. Nxg2 Be7 7. d3 O-O 8. e4 c5 9. Nd2 Nc6 10. f4 d6 11. Nf3 c4 12. Qe2 cxd3 13. cxd3 Rc8 14. Bd2 d5 15. e5 Nd7 16. d4 Qb6 17. Qd3 g6 18. Rfe1 a5 19. h4 Nb4 20. Bxb4 Bxb4 21. Re2 Qc6 22. g4 a4 23. a3 Be7 24. f5 Rfe8 25. Nf4 Bf8 26. Rf1 Qc4 27. Qb1 exf5 28. gxf5 Nf6 29. Rg2 Ne4 30. Rd1 Bh6 31. Ng5 Bxg5 32. hxg5 Qb3 33. Rd3 Rc3 34. Rxc3 Nxc3 35. Qd3 Qd1+ 36. Qxd1 Nxd1 37. Nxd5 Rd8 38. Ne7+ Kf8 39. Nc6 Rd5 40. f6 Ne3 41. Re2 Nf5 42. Re4 Ke8 43. e6 fxe6 44. Nb4 Rxd4 45. Rxe6+ Kf7 46. Rb6 Rg4+ 47. Kf2 Rxg5 48. Nd5 Nd4 49. Rb7+ Kf8 50. Rd7 Nc6 51. Rd6 Ne5 52. Nc7 Rf5+ 53. Ke2 Nf7 54. Ra6 Re5+ 55. Kd3 1-0


[Site "https://www.chess.com"]

[Event "Titled Tuesday Blitz February 15 Early 2022"]
[White "Balint, Vilmos"]
[Black "Lugovskoy, Maxim"]
[WhiteFideId "718050"]
[BlackFideId "24126454"]
[WhiteElo "2332"]
[BlackElo "2692"]
[Result "1-0"]
[Round "05"]
[TimeControl "180+1"]
[Date "2022.02.15"]
[WhiteClock "0:00:25"]
[BlackClock "0:00:05"]

1. d4 e6 2. Nf3 d5 3. g3 Nf6 4. Bg2 Be7 5. O-O O-O 6. b3 b6 7. Bb2 Bb7 8. Nbd2 Nbd7 9. Re1 c5 10. c4 Rc8 11. Rc1 cxd4 12. Nxd4 Nc5 13. cxd5 Bxd5 14. e4 Bb7 15. Qe2 Ba6 16. Nc4 Qd7 17. Red1 Qc7 18. f3 Rfd8 19. Bf1 Qb7 20. Kg2 h6 21. Qe3 Rd7 22. Ne5 Rdd8 23. Bxa6 Qxa6 24. b4 Qxa2 25. Qa3 Qxa3 26. Bxa3 Na4 27. Ndc6 Rxd1 28. Nxe7+ Kf8 29. Nxc8 Rd2+ 30. Kh3 Ra2 31. Rc7 Rxa3 32. Rxf7+ Kg8 33. Ne7+ Kh7 34. N5g6 Nd7 35. Nc6 Kxg6 36. Rxd7 Kh7 37. Rxa7 b5 38. Nd4 e5 39. Nxb5 Ra1 40. Nd6 Kg6 41. Nf5 Kf6 42. Nxg7 h5 43. Nxh5+ Ke6 44. Ng7+ Kd6 45. Nf5+ Kc6 46. g4 Kb6 47. Ra8 Kb5 48. Rb8+ Kc6 49. g5 Nb6 50. g6 Rg1 51. Ng3 Nd7 52. g7 Nxb8 53. g8=Q Nd7 54. Qd5+ Kc7 55. Nf5 Nf6 56. Qxe5+ Kd7 57. Qxf6 Kc8 58. Qe7 Kb8 59. Nd6 Rg7 60. Qxg7 Ka8 61. Qb7# 1-0


[Site "https://www.chess.com"]

[Event "Titled Tuesday Blitz February 15 Early 2022"]
[White "Batsiashvili, Nino"]
[Black "Ovezdurdyyeva, Jemal"]
[WhiteFideId "13602993"]
[BlackFideId "14001888"]
[WhiteElo "2230"]
[BlackElo "1946"]
[Result "1-0"]
[Round "05"]
[TimeControl "180+1"]
[Date "2022.02.15"]
[WhiteClock "0:00:40"]
[BlackClock "0:00:01"]

1. d4 Nf6 2. c4 g6 3. Nc3 Bg7 4. e4 d6 5. Be2 O-O 6. Nf3 e5 7. O-O Nc6 8. d5 Ne7 9. Ne1 Ne8 10. Nd3 f5 11. Bd2 f4 12. c5 g5 13. Rc1 Rf6 14. Bg4 Bxg4 15. Qxg4 Rg6 16. h3 Qc8 17. Qxc8 Rxc8 18. Nb5 a6 19. cxd6 axb5 20. dxe7 c6 21. Bb4 Kf7 22. Rfd1 Nd6 23. dxc6 bxc6 24. Nxf4 gxf4 25. Bxd6 Bf6 26. Rc5 Rcg8 27. Kf1 Rxg2 28. Ke2 Bh4 29. Rf1 Bf6 30. Bxe5 Kxe7 31. Bxf6+ Kxf6 32. Rf5+ Ke6 33. Rxf4 Ke5 34. Rh4 R8g7 35. Ke3 Rh2 36. Rh6 Rg6 37. f4+ Kf6 38. e5+ Kf5 39. Rh5+ Ke6 40. f5+ 1-0


[Site "https://www.chess.com"]

[Event "Titled Tuesday Blitz February 15 Early 2022"]
[White "Begunov, Konstantin"]
[Black "Bongo Akanga Ndjila, Barthelemy"]
[WhiteFideId "4118510"]
[BlackFideId "10609431"]
[WhiteElo "2262"]
[BlackElo "1803"]
[Result "1-0"]
[Round "05"]
[TimeControl "180+1"]
[Date "2022.02.15"]
[WhiteClock "0:01:51"]
[BlackClock "0:00:09"]

1. d4 d5 2. c4 dxc4 3. Nc3 Nf6 4. e4 e6 5. Bxc4 a6 6. Nf3 b5 7. Bd3 Bb7 8. e5 b4 9. exf6 Qxf6 10. Ne4 Qe7 11. O-O f5 12. Nc5 Bd5 13. Re1 Nc6 14. Ng5 Nxd4 15. Bxa6 Qxc5 16. Bf1 h6 17. Qh5+ Kd8 18. Nf7+ Kc8 19. Nxh8 Be7 20. Be3 Kd7 21. Rad1 Nc2 22. Bxc5 Ne3 23. Bxe3 Rxa2 24. Rxd5+ exd5 25. Qxf5+ Kd8 26. Qxd5+ Ke8 27. Qxa2 Bd6 28. Bc5+ Kd7 29. Bxd6 cxd6 30. Qd5 1-0


[Site "https://www.chess.com"]

[Event "Titled Tuesday Blitz February 15 Early 2022"]
[White "Bettalli, Francesco"]
[Black "Maung, Maung Kyaw Zaw Hein"]
[WhiteFideId "2816453"]
[BlackFideId "13001698"]
[WhiteElo "2216"]
[BlackElo "1785"]
[Result "1/2-1/2"]
[Round "05"]
[TimeControl "180+1"]
[Date "2022.02.15"]
[WhiteClock "0:00:04"]
[BlackClock "0:00:02"]

1. d4 d5 2. Nc3 Nf6 3. Bf4 Bf5 4. e3 e6 5. f3 h5 6. Bd3 Bxd3 7. Qxd3 Bd6 8. Nge2 O-O 9. O-O c5 10. Rad1 Nc6 11. Kh1 Rc8 12. dxc5 Bxc5 13. Bg5 Be7 14. Qd2 Ne5 15. b3 Qc7 16. Bf4 a6 17. Qe1 Bb4 18. Qg3 h4 19. Qg5 Nfd7 20. Nxd5 exd5 21. Rxd5 f6 22. Qxh4 Qxc2 23. Nd4 Qd3 24. Rg1 Ng6 25. Qg4 Nde5 26. Qe6+ Nf7 27. Nf5 Qe2 28. Bg3 Rc6 29. Qd7 Rd8 30. Qxb7 Rxd5 31. Qxc6 Rd1 32. h4 Rxg1+ 33. Kxg1 Nge5 34. Qe8+ Kh7 35. Kh2 Bd6 36. Nxd6 Nxd6 37. Qh5+ Kg8 38. Bxe5 fxe5 39. Qxe5 Qd3 40. e4 Kf7 41. Qf4+ Ke7 42. Qg5+ Kf7 43. h5 Ne8 44. Qg6+ Kf8 45. Qf5+ Ke7 46. Qe5+ Kf7 47. Kg3 Nf6 48. Qf5 Qe3 49. e5 Qe1+ 50. Kh3 Qh1+ 51. Kg3 Qe1+ 52. Kf4 Qd2+ 53. Kg3 Qe1+ 1/2-1/2


[Site "https://www.chess.com"]

[Event "Titled Tuesday Blitz February 15 Early 2022"]
[White "Bintang, Rasyid A. Hidayat"]
[Black "Altucher, James"]
[WhiteFideId "7105355"]
[BlackFideId "30987458"]
[WhiteElo "2342"]
[BlackElo "2173"]
[Result "1-0"]
[Round "05"]
[TimeControl "180+1"]
[Date "2022.02.15"]
[WhiteClock "0:01:43"]
[BlackClock "0:00:48"]

1. d4 Nf6 2. Bf4 g6 3. Nc3 d6 4. e4 Bg7 5. Qd2 O-O 6. O-O-O Nc6 7. Nf3 Bg4 8. d5 Bxf3 9. gxf3 Ne5 10. Be2 Nfd7 11. Bh6 c6 12. h4 cxd5 13. Nxd5 e6 14. Nc3 Qa5 15. h5 Nf6 16. hxg6 fxg6 17. Bxg7 Kxg7 18. Qh6+ Kg8 19. Rdg1 Rac8 20. f4 Nf7 21. Rxg6+ 1-0


[Site "https://www.chess.com"]

[Event "Titled Tuesday Blitz February 15 Early 2022"]
[White "Bon, Michael"]
[Black "Zavivaeva, Emilia"]
[WhiteFideId "620696"]
[BlackFideId "34127531"]
[WhiteElo "2439"]
[BlackElo "1685"]
[Result "1-0"]
[Round "05"]
[TimeControl "180+1"]
[Date "2022.02.15"]
[WhiteClock "0:00:39"]
[BlackClock "0:01:01"]

1. e4 d5 2. exd5 Qxd5 3. d4 Qa5+ 4. Bd2 Qb6 5. Nf3 Nf6 6. c4 Qxb2 7. Nc3 Nc6 8. Nb5 Kd8 9. Bc3 Qxa1 10. Bxa1 a6 11. d5 axb5 12. dxc6+ Ke8 13. cxb5 bxc6 14. bxc6 e6 15. Qb3 Bc5 16. Be2 Nd5 17. O-O Nf4 18. Bc4 Ke7 19. Be5 Ng6 20. Bxc7 Re8 21. Rd1 Ra3 22. Qb5 1-0


[Site "https://www.chess.com"]

[Event "Titled Tuesday Blitz February 15 Early 2022"]
[White "Bugayev, Vladimir"]
[Black "Atakhan, Abtin"]
[WhiteFideId "30901480"]
[BlackFideId "22502203"]
[WhiteElo "2400"]
[BlackElo "2119"]
[Result "0-1"]
[Round "05"]
[TimeControl "180+1"]
[Date "2022.02.15"]
[WhiteClock "0:01:15"]
[BlackClock "0:02:00"]

1. e4 c6 2. d4 d5 3. exd5 cxd5 4. Bd3 Nf6 5. c3 Bg4 6. Ne2 Nc6 7. O-O e6 8. Qb3 Qd7 9. Ng3 h5 10. f3 h4 11. Ne2 Bh5 12. Nf4 Bd6 13. Nxh5 Rxh5 14. Na3 a6 15. Nc2 Qc7 16. f4 Na5 17. Qa4+ b5 18. Bxb5+ axb5 19. Qxb5+ Kf8 20. h3 Nc4 21. Ne3 Kg8 22. Nxc4 dxc4 23. f5 Ra5 0-1


[Site "https://www.chess.com"]

[Event "Titled Tuesday Blitz February 15 Early 2022"]
[White "Buscar, Michael"]
[Black "Dovbnia, Nikita"]
[WhiteFideId "2603616"]
[BlackFideId "54104599"]
[WhiteElo "2010"]
[BlackElo "2111"]
[Result "0-1"]
[Round "05"]
[TimeControl "180+1"]
[Date "2022.02.15"]
[WhiteClock "0:00:16"]
[BlackClock "0:00:14"]

1. Nf3 c5 2. g3 d5 3. Bg2 Nf6 4. c4 d4 5. O-O Nc6 6. a3 e5 7. d3 Bd6 8. e3 O-O 9. exd4 exd4 10. Re1 Re8 11. Bg5 Bf5 12. Rxe8+ Qxe8 13. Bxf6 gxf6 14. Ne1 Ne5 15. b4 cxb4 16. Bxb7 Rb8 17. Bd5 b3 18. c5 Bxc5 19. Bxb3 Qb5 20. Nd2 Bxd3 21. Nxd3 Qxd3 22. Bc2 Qa6 23. Ne4 Qc6 24. h4 Rb2 25. Kh2 d3 26. Bxd3 Bxf2 27. Kh3 Qc7 28. Nxf6+ Kg7 29. Nh5+ Kf8 30. Qc1 Qd7+ 31. Kg2 Be3+ 32. Kf1 Bxc1 33. Rxc1 Nxd3 34. Rd1 Rf2+ 35. Kg1 Qd5 36. Nf4 Nxf4 37. Rxd5 Nxd5 38. Kxf2 Ke7 39. Kf3 a5 40. Kg4 Nb6 41. Kh5 Kf8 42. Kh6 Kg8 43. Kg5 Nc4 44. a4 Nb2 45. Kf4 Nxa4 46. Ke5 Nc5 47. Kd4 Ne6+ 48. Kc4 Kg7 49. Kb5 Kg6 50. Kxa5 Kh5 51. Kb5 Kg4 52. Kc6 Kxg3 53. Kd6 Kxh4 54. Ke7 Ng5 55. Kf6 Kg4 56. Kg7 f5 0-1


[Site "https://www.chess.com"]

[Event "Titled Tuesday Blitz February 15 Early 2022"]
[White "Carrasco Miranda, Andres"]
[Black "Hajiyeva, Laman"]
[WhiteFideId "3405990"]
[BlackFideId "13415875"]
[WhiteElo "2177"]
[BlackElo "1728"]
[Result "1-0"]
[Round "05"]
[TimeControl "180+1"]
[Date "2022.02.15"]
[WhiteClock "0:00:26"]
[BlackClock "0:02:08"]

1. d4 d5 2. c4 c6 3. Nf3 Nf6 4. e3 e6 5. b3 c5 6. Bd3 Nc6 7. O-O Bd6 8. cxd5 Nxd5 9. Bb2 cxd4 10. Nxd4 Nxd4 11. Bxd4 O-O 12. Nd2 h6 13. Ne4 Be7 14. Rc1 Bd7 15. Bb1 Bc6 16. Qh5 f5 17. Nc5 Nf6 18. Bxf6 Rxf6 19. Rfd1 Qb6 20. Nd7 Bxd7 21. Rxd7 Bf8 22. Bd3 Rd8 23. Rxd8 Qxd8 24. Bc4 Kh8 25. h3 e5 26. Rd1 Qc8 27. a4 g6 28. Qf3 Rd6 29. Rxd6 Bxd6 30. Qd5 Bc7 31. Qf7 g5 32. Be6 Qd8 33. Bxf5 1-0


[Site "https://www.chess.com"]

[Event "Titled Tuesday Blitz February 15 Early 2022"]
[White "Corrales Jimenez, Fidel"]
[Black "Noroozi, Omid"]
[WhiteFideId "3506690"]
[BlackFideId "12501190"]
[WhiteElo "2807"]
[BlackElo "2589"]
[Result "1-0"]
[Round "05"]
[TimeControl "180+1"]
[Date "2022.02.15"]
[WhiteClock "0:00:42"]
[BlackClock "0:01:06"]

1. d4 Nf6 2. c4 e6 3. Nc3 Bb4 4. f3 c5 5. a3 Ba5 6. e4 cxd4 7. Qxd4 Nc6 8. Qd2 O-O 9. b4 Bc7 10. Bb2 Re8 11. Nge2 d5 12. cxd5 exd5 13. Nxd5 Nxd5 14. Qxd5 Qxd5 15. exd5 Ne7 16. O-O-O Nf5 17. Ng3 Bf4+ 18. Kb1 Ne3 19. Re1 Bd7 20. Nh5 Bh6 21. g4 Nxd5 22. Bc4 Nb6 23. Ba2 Bc6 24. g5 Bxf3 25. gxh6 Bxh5 26. Bxg7 Bg6+ 27. Ka1 Nd7 28. h4 Nf8 29. Rxe8 Rxe8 30. h5 Be4 31. Rg1 Ne6 32. Be5+ Kf8 33. Bd6+ Re7 34. Bxe6 1-0


[Site "https://www.chess.com"]

[Event "Titled Tuesday Blitz February 15 Early 2022"]
[White "Coto Mederos, Michel"]
[Black "Kobalia, Mikhail"]
[WhiteFideId "3508528"]
[BlackFideId "4119150"]
[WhiteElo "2566"]
[BlackElo "2796"]
[Result "0-1"]
[Round "05"]
[TimeControl "180+1"]
[Date "2022.02.15"]
[WhiteClock "0:00:03"]
[BlackClock "0:00:09"]

1. c4 Nf6 2. Nc3 g6 3. g3 Bg7 4. Bg2 O-O 5. e3 d6 6. Nge2 e5 7. O-O Nc6 8. d3 Bg4 9. h3 Be6 10. Nd5 Qd7 11. Kh2 Nd8 12. Nec3 Ne8 13. e4 c6 14. Ne3 f5 15. exf5 gxf5 16. f4 Nf6 17. Ne2 c5 18. Bd2 Nc6 19. Rb1 a5 20. Qa4 e4 21. dxe4 Nxe4 22. Be1 Rae8 23. Qc2 Nd4 24. Nxd4 cxd4 25. Nd5 Qc6 26. Qb3 b5 27. Qd1 bxc4 28. Nc3 dxc3 29. Bxc3 Bxc3 30. bxc3 Qc5 31. Qc2 Bd5 32. Rbd1 Bc6 33. Rf3 Re7 34. g4 fxg4 35. hxg4 Nf6 36. Rg3 Bxg2 37. Qxg2 Re3 38. g5 Ne4 39. Rxe3 Qxe3 40. Rd4 Qxf4+ 41. Kg1 Qe3+ 42. Kh2 Rf2 43. Rxe4 Rxg2+ 44. Kxg2 Qxe4+ 0-1


[Site "https://www.chess.com"]

[Event "Titled Tuesday Blitz February 15 Early 2022"]
[White "Cramling Bellon, Anna"]
[Black "Vovk, Orest"]
[WhiteFideId "32009232"]
[BlackFideId "14113490"]
[WhiteElo "1905"]
[BlackElo "2203"]
[Result "0-1"]
[Round "05"]
[TimeControl "180+1"]
[Date "2022.02.15"]
[WhiteClock "0:00:04"]
[BlackClock "0:00:08"]

1. d4 e5 2. dxe5 Nc6 3. Nf3 Qe7 4. Bf4 Qb4+ 5. Bd2 Qxb2 6. Nc3 Bb4 7. Rb1 Qxc3 8. Bxc3 Bxc3+ 9. Nd2 Nxe5 10. e3 Nf6 11. Bd3 d5 12. O-O O-O 13. Nf3 Nxf3+ 14. Qxf3 c6 15. h3 b5 16. e4 dxe4 17. Bxe4 Nxe4 18. Qxe4 Be6 19. Qxc6 b4 20. Qa6 Rfc8 21. Rfd1 Bc4 22. Qa4 a5 23. Rd7 h6 24. Rbd1 Be6 25. R7d6 Bc4 26. Rd7 Be5 27. Re7 Bf6 28. Re4 Kh7 29. Qd7 Bxa2 30. Qf5+ Kg8 31. Re3 a4 32. Rg3 Kh8 33. Rd6 Bc3 0-1


[Site "https://www.chess.com"]

[Event "Titled Tuesday Blitz February 15 Early 2022"]
[White "Daneshvar, Bardiya"]
[Black "Narayanan.S.L"]
[WhiteFideId "12576468"]
[BlackFideId "5058422"]
[WhiteElo "2295"]
[BlackElo "2494"]
[Result "1/2-1/2"]
[Round "05"]
[TimeControl "180+1"]
[Date "2022.02.15"]
[WhiteClock "0:00:08"]
[BlackClock "0:00:20"]

1. d4 d5 2. c4 c6 3. cxd5 cxd5 4. Bf4 Nc6 5. e3 Nf6 6. Nc3 Bg4 7. Qb3 Na5 8. Qa4+ Bd7 9. Qc2 Rc8 10. Nf3 g6 11. h3 Bg7 12. Ne5 Ne4 13. Nxd7 Qxd7 14. Bd3 Nxc3 15. bxc3 O-O 16. O-O Nc4 17. a4 b6 18. Rfb1 Rc6 19. Bxc4 Rxc4 20. a5 Qc6 21. axb6 axb6 22. Rb3 Rc8 23. Rab1 b5 24. Qb2 h5 25. h4 e6 26. g3 Bf8 27. Kg2 b4 28. cxb4 Rc2 29. Qa1 Qb5 30. R1b2 Qe2 31. Rxc2 Rxc2 32. Qf1 Qd2 33. b5 Rb2 34. Rxb2 Qxb2 35. Qd3 Bb4 36. Qf1 Be7 37. Bc7 g5 38. hxg5 Bxg5 39. b6 Bxe3 40. Qa6 Qxf2+ 41. Kh3 Qg1 42. Qe2 Qh1+ 43. Qh2 Qf1+ 44. Qg2 Qf5+ 45. g4 hxg4+ 46. Qxg4+ Qxg4+ 47. Kxg4 Bxd4 48. b7 Ba7 49. b8=Q+ Bxb8 50. Bxb8 f6 51. Ba7 Kf7 52. Kf4 Ke7 53. Bd4 Kf7 54. Ba1 Ke7 55. Bb2 f5 56. Ke5 Kf7 57. Bc1 Ke7 58. Bg5+ Kd7 59. Be3 Kc6 60. Kxe6 f4 61. Bxf4 d4 62. Ke5 d3 63. Ke4 d2 64. Bxd2 1/2-1/2


[Site "https://www.chess.com"]

[Event "Titled Tuesday Blitz February 15 Early 2022"]
[White "Dauner, Benedikt"]
[Black "Agasarov, Benik"]
[WhiteFideId "16225899"]
[BlackFideId "13314823"]
[WhiteElo "2230"]
[BlackElo "2606"]
[Result "1-0"]
[Round "05"]
[TimeControl "180+1"]
[Date "2022.02.15"]
[WhiteClock "0:00:06"]
[BlackClock "0:00:06"]

1. Nf3 d5 2. d4 Nf6 3. c3 c5 4. dxc5 a5 5. Bf4 Nc6 6. Na3 Nh5 7. Bd2 e6 8. Be3 Nf6 9. Nc2 Ne4 10. g3 Bxc5 11. Bxc5 Nxc5 12. Ncd4 O-O 13. Bg2 Bd7 14. O-O f6 15. Nd2 Kh8 16. Rc1 e5 17. Nxc6 Bxc6 18. Qc2 Qe7 19. Rfd1 Rfd8 20. e4 Rac8 21. exd5 Bxd5 22. Bxd5 Rxd5 23. Ne4 Rcd8 24. Nxc5 Qxc5 25. Rxd5 Qxd5 26. b3 Qd2 27. a4 Qxc2 28. Rxc2 Kg8 29. Kf1 Kf7 30. Ke2 Ke6 31. b4 Rc8 32. Kd3 Kd6 33. Rb2 axb4 34. Rxb4 Rd8 35. Kc2 Kc6 36. Rc4+ Kb6 37. Rb4+ Ka6 38. Rh4 h6 39. Rg4 Rd7 40. Rb4 g5 41. h4 b6 42. h5 f5 43. f3 Rg7 44. g4 e4 45. fxe4 fxg4 46. e5 Re7 47. Rxg4 Rxe5 48. Kb3 Rf5 49. Re4 g4 50. Rxg4 Rxh5 51. Rg6 Ka5 52. Rf6 Rh4 53. Rf8 Ka6 54. Ra8+ Kb7 55. Rh8 h5 56. Rh7+ Ka6 57. Rh8 Rh1 58. Kc4 h4 59. Ra8+ Kb7 60. Rh8 h3 61. Kb5 h2 62. Rh7+ Kc8 63. Kc6 Kd8 64. c4 Ke8 65. c5 bxc5 66. a5 c4 67. a6 c3 68. a7 Ra1 69. Rxh2 Rxa7 70. Rh8+ Ke7 71. Rh7+ Ke6 72. Rxa7 Ke5 73. Kc5 Ke4 74. Kc4 c2 75. Ra1 c1=Q+ 76. Rxc1 1-0


[Site "https://www.chess.com"]

[Event "Titled Tuesday Blitz February 15 Early 2022"]
[White "Deepan Chakkravarthy J."]
[Black "Borisova, Ekaterina"]
[WhiteFideId "5011132"]
[BlackFideId "34124184"]
[WhiteElo "2794"]
[BlackElo "2551"]
[Result "1/2-1/2"]
[Round "05"]
[TimeControl "180+1"]
[Date "2022.02.15"]
[WhiteClock "0:02:18"]
[BlackClock "0:01:59"]

1. e4 c6 2. d4 d5 3. Nc3 dxe4 4. Nxe4 Bf5 5. Ng3 Bg6 6. Nf3 Nd7 7. Bd3 Ngf6 8. Bxg6 hxg6 9. Qe2 e6 10. Bd2 Be7 11. c4 O-O 12. O-O c5 13. Bc3 cxd4 14. Nxd4 Qb6 15. Rad1 Bb4 16. Bxb4 Qxb4 17. b3 Rfd8 18. Qd2 Qxd2 19. Rxd2 Nc5 20. Rfd1 Nfe4 21. Nxe4 Nxe4 22. Rd3 Nc5 23. R3d2 Ne4 24. Rd3 Nc5 25. R3d2 Ne4 1/2-1/2


[Site "https://www.chess.com"]

[Event "Titled Tuesday Blitz February 15 Early 2022"]
[White "Demidov, Mikhail"]
[Black "Shyaamnikhil P"]
[WhiteFideId "4197143"]
[BlackFideId "5024218"]
[WhiteElo "2525"]
[BlackElo "2292"]
[Result "0-1"]
[Round "05"]
[TimeControl "180+1"]
[Date "2022.02.15"]
[WhiteClock "0:00:15"]
[BlackClock "0:00:18"]

1. Nf3 Nf6 2. g3 g6 3. b3 Bg7 4. Bb2 O-O 5. Bg2 a5 6. O-O a4 7. c4 c6 8. d3 d5 9. Qc2 Na6 10. bxa4 Nc5 11. cxd5 Nxa4 12. dxc6 Nxb2 13. Qxb2 bxc6 14. Nbd2 Ne4 15. d4 Nxd2 16. Qxd2 c5 17. Rad1 cxd4 18. Nxd4 Ra4 19. Nc6 Qc7 20. Rc1 Be6 21. Rc2 Bf6 22. e3 Qb6 23. Rfc1 Kg7 24. h4 h5 25. Bd5 Bf5 26. Rc4 Rxc4 27. Rxc4 Bd7 28. Bf3 Bxc6 29. Rxc6 Qa7 30. Rc2 Rb8 31. Kg2 Rb1 32. Qd3 Qa5 33. Rd2 Rc1 34. Bd5 Rc3 35. Qe2 Rc1 36. Rd1 Rxd1 0-1


[Site "https://www.chess.com"]

[Event "Titled Tuesday Blitz February 15 Early 2022"]
[White "Desideri, Ricardo Maruchi"]
[Black "Dzhaparov, Medet"]
[WhiteFideId "2110440"]
[BlackFideId "13803689"]
[WhiteElo "1945"]
[BlackElo "1702"]
[Result "0-1"]
[Round "05"]
[TimeControl "180+1"]
[Date "2022.02.15"]
[WhiteClock "0:00:01"]
[BlackClock "0:00:40"]

1. e4 e5 2. Nf3 Nc6 3. d4 exd4 4. Nxd4 Bc5 5. Nb3 Bb6 6. Nc3 d6 7. Qe2 Nf6 8. h3 O-O 9. Be3 Bxe3 10. Qxe3 d5 11. O-O-O Re8 12. Nxd5 Nxe4 13. Qf4 Nd6 14. Bd3 Be6 15. Nc3 h6 16. Rhe1 Bxb3 17. axb3 Rxe1 18. Rxe1 a5 19. g4 Nb4 20. Rd1 Qh4 21. Bc4 Nxc4 22. bxc4 c6 23. Ne4 Qe7 24. Nd6 a4 25. c5 Nd5 26. Qf3 Qe5 27. Kb1 Qe6 28. h4 b5 29. g5 b4 30. gxh6 Qxh6 31. Qxf7+ Kh8 32. Nf5 Qf6 0-1


[Site "https://www.chess.com"]

[Event "Titled Tuesday Blitz February 15 Early 2022"]
[White "Devaev, Alexander"]
[Black "Alavi, Sayed Javad"]
[WhiteFideId "4169395"]
[BlackFideId "12500607"]
[WhiteElo "2185"]
[BlackElo "2475"]
[Result "1-0"]
[Round "05"]
[TimeControl "180+1"]
[Date "2022.02.15"]
[WhiteClock "0:00:35"]
[BlackClock "0:00:01"]

1. Nf3 Nf6 2. c4 e6 3. Nc3 d5 4. cxd5 exd5 5. d4 c6 6. Bg5 Bf5 7. e3 Nbd7 8. Nh4 Be6 9. Nf3 h6 10. Bh4 Bf5 11. Bd3 Bxd3 12. Qxd3 Bd6 13. O-O O-O 14. Rab1 a5 15. Rfe1 Re8 16. a3 Qc7 17. Rbc1 Qd8 18. Rb1 Re6 19. Rec1 Qe8 20. Bxf6 Nxf6 21. b4 axb4 22. axb4 Ra3 23. Qc2 Ne4 24. Nxe4 Rxe4 25. Nd2 Re6 26. b5 Ra8 27. bxc6 bxc6 28. g3 Rc8 29. Nb3 h5 30. Qf5 h4 31. Rc3 hxg3 32. hxg3 g6 33. Qg4 Kg7 34. Kg2 Qd7 35. Rbc1 Bb4 36. R3c2 Ba3 37. Rh1 Rh8 38. Rxh8 Kxh8 39. Nd2 Kg7 40. Nf3 Qe7 41. Rc3 Re4 42. Qc8 Re6 43. Rxc6 Rxc6 44. Qxc6 Qe4 45. Qc7 Be7 46. Qe5+ Qxe5 47. Nxe5 Kf6 48. Nd3 Ke6 49. Kf3 Kd6 50. Ke2 g5 51. Ne5 f6 52. Nd3 Ke6 53. Nc5+ Kd6 54. g4 Kc6 55. Ne6 Kd6 56. Ng7 Bd8 57. Nf5+ Ke6 58. Kd3 Bc7 59. f3 Ba5 60. e4 Bb6 61. Ne3 1-0


[Site "https://www.chess.com"]

[Event "Titled Tuesday Blitz February 15 Early 2022"]
[White "Dew, Brian"]
[Black "Aydin, Gulenay"]
[WhiteFideId "6000495"]
[BlackFideId "34557431"]
[WhiteElo "2118"]
[BlackElo "1429"]
[Result "1-0"]
[Round "05"]
[TimeControl "180+1"]
[Date "2022.02.15"]
[WhiteClock "0:01:23"]
[BlackClock "0:00:19"]

1. b3 Nf6 2. Bb2 g6 3. g3 Bg7 4. c4 O-O 5. Bg2 d6 6. Nf3 e5 7. d3 c6 8. O-O Re8 9. Nbd2 Nbd7 10. Qc2 Rb8 11. Rac1 a5 12. a3 Nf8 13. Rfe1 Bg4 14. h3 Be6 15. b4 axb4 16. axb4 N6d7 17. d4 f5 18. dxe5 dxe5 19. e4 f4 20. c5 g5 21. Nc4 Ng6 22. Rcd1 Qf6 23. Rd6 Qf7 24. Nxg5 Qf6 25. Nxe6 Rxe6 26. Rxd7 Rf8 27. Rd6 f3 28. Rxe6 Qxe6 29. Bf1 Kh8 30. Nd6 Bh6 31. Rd1 Rg8 32. Kh1 Nf4 33. Bxe5+ Bg7 34. Bxf4 1-0


[Site "https://www.chess.com"]